 Dungeon Crawl Stone Soup version 0.23.2 (webtiles) character file.

Game seed: 5132121725155242782

2844 Kairos the Covered (level 10, 0/77 HPs)
             Began as a Formicid Abyssal Knight on Apr 9, 2019.
             Was an Elder of Lugonu.
             Succumbed to a killer bee's poison
             ... on level 7 of the Dungeon.
             The game lasted 00:15:05 (9076 turns).

Kairos the Covered (Formicid Abyssal Knight)        Turns: 9076, Time: 00:15:06

Health: 0/77       AC: 10    Str: 21    XL:     10   Next: 4%
Magic:  12/12      EV:  9    Int: 11    God:    Lugonu [****..]
Gold:   367        SH:  0    Dex: 10    Spells: 9/9 levels left

rFire    . . .     SeeInvis +   C - +0 lajatang
rCold    + . .     Gourm    .   (no shield)
rNeg     . . .     Faith    .   J - +0 chain mail
rPois    .         Spirit   .   (helmet unavailable)
rElec    .         Reflect  .   o - scarf {repulsion}
rCorr    .         Harm     .   (no gloves)
MR       +....                  (no boots)
Stlth    ..........             (no amulet)
HPRegen  0.22/turn              e - ring of protection from cold
MPRegen  0.13/turn              (no ring)

@: lethally poisoned (0 -> -17), lightly drained, repel missiles
A: permanent stasis, dig shafts and tunnels, four strong arms, antennae 3
a: Dig, Shaft Self, Depart the Abyss, Bend Space, Banish, Corrupt, Renounce
Religion


You were on level 7 of the Dungeon.
You worshipped Lugonu.
Lugonu was greatly pleased with you.
You were hungry.

You visited 1 branch of the dungeon, and saw 7 of its levels.
You visited the Abyss 1 time.
You also visited: Sewer.

You collected 367 gold pieces.

Inventory:

Hand Weapons
 a - a +1 spear
 k - a +2 spear of venom
 B - a +0 trident
 C - a +0 lajatang (weapon)
Missiles
 u - 2 throwing nets (quivered)
Armour
 b - a +0 leather armour
 d - a +0 scale mail
 o - a scarf of repulsion (worn)
 J - a +0 chain mail (worn)
Jewellery
 e - a ring of protection from cold (left hand)
 x - an uncursed ring of fire
 A - an uncursed ring of stealth
Wands
 j - a wand of paralysis (10)
 F - a wand of iceblast (4)
 G - a wand of digging (6)
Scrolls
 h - 3 scrolls of remove curse
 m - 3 scrolls of fog
 n - 2 scrolls of amnesia
 q - 2 scrolls of fear
 r - a scroll of enchant armour {unknown}
 y - a scroll of blinking {unknown}
 H - a scroll of vulnerability {unknown}
 K - a scroll of random uselessness {unknown}
Potions
 f - 2 potions of heal wounds
 g - 2 potions of lignification
 i - a potion of invisibility
 l - 2 potions of degeneration
 p - 3 potions of flight
 w - 2 potions of brilliance
 z - 2 potions of curing
Comestibles
 c - 19 rations


   Skills:
 + Level 6.4(6.1) Fighting
 + Level 5.5(6.9) Polearms
 + Level 7.1(7.7) Staves
 + Level 7.6(7.3) Armour
 + Level 3.3(3.1) Dodging
 + Level 2.6(2.4) Stealth
 + Level 2.8(2.5) Invocations


You had 9 spell levels left.
You didn't know any spells.
Your spell library contained the following spells:

 Spells                   Type           Power        Failure   Level  Hunger
 Flame Tongue             Conj/Fire      #....        95%         1    ##.....
 Throw Flame              Conj/Fire      #.....       99%         2    ###....
 Conjure Flame            Conj/Fire      #.......     100%        3    ####...
 Inner Flame              Hex/Fire       #.......     100%        3    ####...
 Sticky Flame             Conj/Fire      #.......     100%        4    #####..
 Fireball                 Conj/Fire      #.........   100%        5    ######.


Dungeon Overview and Level Annotations

Branches:
Dungeon (7/15)
 Temple: D:4-7

Altars:
Ashenzari
Cheibriados
Kikubaaqudgha
Nemelex Xobeh
Okawaru
Sif Muna
Uskayaw
Xom


Innate Abilities, Weirdness & Mutations

You cannot be hasted, slowed, berserked, paralysed or teleported.
You can dig through walls and to a lower floor.
Your four strong arms can wield two-handed weapons with a shield.
You have a pair of large antennae on your head. (SInv)


Message History

You are more poisoned.
The killer bee poisons you! The killer bee stings you.
* * * LOW HITPOINT WARNING * * *
You hit the killer bee.
The killer bee is moderately wounded.
* * * LOW HITPOINT WARNING * * *
You feel sick. The killer bee stings you.
* * * LOW HITPOINT WARNING * * *
You are more poisoned.
The killer bee poisons you!
The killer bee stings you but does no damage.
You closely miss the killer bee.
The killer bee is moderately wounded.
* * * LOW HITPOINT WARNING * * *
You feel sick. The killer bee misses you.
The killer bee stings you but does no damage.
You slash the killer bee!
You kill the killer bee!
Lugonu accepts your kill.
You die...

#####....#....####
#.....#######.....
#.###....#....###.
#.# ####.#..### #.#
#.#..# # #.# ##....#
# #. #.# ##.#.#.# #
.#.# #.# ##.#..#.#
....y.# #@# #.###.#.#
#..#.. #†# ##.#.##.#
#.H...##H# ##.###..
#..y†.y# #.# ###
###.#### #.# #.
#.########## #.
#...........
#.########.#########.
...........####### .


You could see a hippogriff and a killer bee.

Vanquished Creatures
  A hippogriff (D:6)
  Menkaure (D:6)
  An orc warrior (D:6)
  An ice beast (D:6)
  2 sky beasts
  2 phantoms
  An ogre (D:6)
  2 centaurs (D:6)
  A bullfrog (D:6)
  5 killer bees (D:7)
  7 wights
  2 howler monkeys (D:6)
  5 crimson imps
  A quasit (D:6)
  A bullfrog skeleton (D:5)
  6 hounds
  A jelly (D:6)
  3 orc wizards
  2 orc priests
  Jessica (D:5)
  2 iguanas
  3 worker ants
  13 adders
  7 gnolls
  A shadow imp (D:6)
  4 oozes
  2 adder zombies
  2 adder skeletons
  10 worms
  3 dart slugs
  5 leopard geckos
  13 orcs
  4 giant cockroaches
  6 goblins
  10 hobgoblins
  11 jackals
  3 quokkas
  6 ball pythons
  9 bats
  6 frilled lizards
  A giant cockroach zombie (D:5)
  12 kobolds
  A quokka zombie (D:1)
  7 rats
187 creatures vanquished.

Notes
Turn   | Place    | Note
-------+----------+-------------------------------------------
     0 | Abyss:1  | Kairos the Formicid Abyssal Knight began the quest for the
                  | Orb.
     0 | Abyss:1  | Reached XP level 1. HP: 18/18 MP: 2/2
    51 | Abyss:2  | Noticed a tentacled starspawn
    63 | D:1      | Escaped the Abyss
   384 | D:1      | Reached XP level 2. HP: 24/24 MP: 3/3
   419 | D:1      | Reached * piety under Lugonu
   548 | D:1      | Reached XP level 3. HP: 19/30 MP: 4/4
  1067 | D:2      | Found an iron altar of Okawaru.
  1449 | D:2      | Reached XP level 4. HP: 37/37 MP: 5/5
  1547 | D:2      | Reached skill level 1 in Dodging
  1573 | D:2      | Found a sparkling altar of Nemelex Xobeh.
  1804 | D:2      | Reached skill level 1 in Stealth
  2072 | D:2      | Reached ** piety under Lugonu
  2179 | D:3      | Found an ancient bone altar of Kikubaaqudgha.
  2209 | D:3      | Reached XP level 5. HP: 42/42 MP: 6/6
  2212 | D:3      | Found a shattered altar of Ashenzari.
  2237 | D:3      | Found a snail-covered altar of Cheibriados.
  2521 | D:3      | Found a hide-covered altar of Uskayaw.
  2556 | D:3      | Reached XP level 6. HP: 37/48 MP: 7/7
  2827 | D:3      | Found a glowing drain.
  2831 | Sewer    | Entered a sewer
  4222 | D:4      | Noticed a phantom
  4258 | D:4      | Killed a phantom
  4258 | D:4      | Reached XP level 7. HP: 13/55 MP: 8/8
  4701 | D:4      | Reached *** piety under Lugonu
  4779 | D:4      | Reached skill level 5 in Armour
  5072 | D:4      | Found a shimmering altar of Xom.
  5102 | D:4      | Reached skill level 5 in Polearms
  5312 | D:5      | Entered Level 5 of the Dungeon
  5320 | D:5      | Reached XP level 8. HP: 50/61 MP: 9/9
  5726 | D:5      | Reached skill level 1 in Staves
  5980 | D:4      | Reached skill level 5 in Fighting
  6647 | D:5      | Noticed Jessica
  6659 | D:5      | Found a deep blue altar of Sif Muna.
  6661 | D:5      | Killed Jessica
  7209 | D:6      | Reached **** piety under Lugonu
  7236 | D:6      | Reached XP level 9. HP: 24/68 MP: 11/11
  7410 | D:6      | Reached skill level 5 in Staves
  7779 | D:6      | Noticed Menkaure
  7788 | D:6      | Killed Menkaure
  8651 | D:6      | Noticed a hippogriff
  8660 | D:6      | Killed a hippogriff
  9048 | D:7      | Noticed a hippogriff
  9059 | D:7      | Reached XP level 10. HP: 11/77 MP: 12/12
  9060 | D:7      | HP: 3/77 [killer bee (7)]
  9074 | D:7      | HP: 3/77 [killer bee (5)]
  9075 | D:7      | HP: 1/77 [poisoned by a killer bee]
  9076 | D:7      | Succumbed to a killer bee's poison

Skill      XL: |  1  2  3  4  5  6  7  8  9 |
---------------+----------------------------+-----
Armour         | 3 4 5 6 7 |  7.6
Fighting       | 4 5 6 |  6.4
Dodging        | 1 2 3 |  3.3
Stealth        | 1 2 |  2.6
Polearms       | 3 4 5 |  5.5
Staves         | 4 7 |  7.1
Invocations    | |  2.8

Action                   |  1- 3 |  4- 6 |  7- 9 | 10-12 || total
-------------------------+-------+-------+-------+-------++-------
Melee: Spear             |    97 |   305 |    94 |       ||   496
       Lajatang          |       |       |   339 |    13 ||   352
Invok: Depart the Abyss  |     1 |       |       |       ||     1
       Bend Space        |       |     5 |     3 |       ||     8
 Abil: Dig               |       |     5 |     3 |       ||     8
  Use: Scroll            |       |     8 |     6 |       ||    14
       Potion            |       |       |     6 |     4 ||    10
 Stab: Sleeping          |       |       |     2 |       ||     2
  Eat: Chunk             |     1 |    10 |     3 |       ||    14
       Ration            |       |       |     4 |       ||     4
Armor: Scale mail        |    29 |   124 |   160 |       ||   313
       Chain mail        |       |       |    38 |    12 ||    50
Dodge: Dodged            |    35 |   139 |   267 |     9 ||   450
       Deflected         |       |     3 |     4 |       ||     7
